 Dungeon Crawl Stone Soup version 0.26.1-11-gd32895ea62 (webtiles) character file.

Game seed: 18252894605263124921

795 Exodus22XD the Chopper (level 7, 0/61 HPs)
             Began as a Hill Orc Monk on Apr 27, 2021.
             Was a Priest of Beogh.
             Slain by a gnoll
             ... wielding a +0 spear
              (9 damage)
             ... on level 5 of the Dungeon.
             The game lasted 00:06:11 (5274 turns).

Exodus22XD the Chopper (Hill Orc Monk)              Turns: 5274, Time: 00:06:11

Health: 0/61       AC:  7    Str: 16    XL:     7   Next: 89%
Magic:  9/9        EV: 10    Int: 10    God:    Beogh [***...]
Gold:   304        SH: 10    Dex: 13    Spells: 6/6 levels left

rFire    . . .     SeeInvis .   m - +0 war axe
rCold    . . .     Faith    .   g - +0 buckler
rNeg     + . .     Spirit   .   c - +0 scale mail
rPois    .         Reflect  +   (no helmet)
rElec    .         Harm     +   h - scarf {harm}
rCorr    .         Rampage  .   (no gloves)
Will     .....                  (no boots)
Stlth    ..........             f - amulet of reflection
HPRegen  0.20/turn              a - ring of positive energy
MPRegen  0.11/turn              (no ring)

@: flying
A: talons 2, subdued magic 1
a: Renounce Religion, Smiting


You were on level 5 of the Dungeon.
You worshipped Beogh.
Beogh was most pleased with you.
You visited 1 branch of the dungeon, and saw 5 of its levels.

You collected 304 gold pieces.

Inventory:

Hand Weapons
 m - a +0 war axe (weapon)
Armour
 c - a +0 scale mail (worn)
 g - a +0 buckler (worn)
 h - a scarf of harm (worn)
Jewellery
 a - a ring of positive energy (left hand)
 f - an amulet of reflection (around neck)
Wands
 o - a wand of digging (6)
 p - a wand of random effects (10)
Scrolls
 d - 5 scrolls of identify {unknown}
 i - 4 scrolls of teleportation
 k - 2 scrolls of remove curse {unknown}
 l - 2 scrolls of enchant weapon {unknown}
 n - a scroll of enchant armour {unknown}
Potions
 b - 3 potions of flight
 e - 2 potions of heal wounds
 j - 3 potions of mutation
 q - a potion of cancellation {unknown}


   Skills:
 + Level 5.2 Fighting
 + Level 7.3 Axes
 * Level 4.6 Armour
 - Level 2.4 Dodging
 - Level 1.5 Stealth
 * Level 3.5 Shields
 * Level 3.1 Invocations


You had 6 spell levels left.
You didn't know any spells.
Your spell library contained the following spells:

 Spells                   Type           Power        Failure   Level
 Magic Dart               Conj           0%           77%         1
 Searing Ray              Conj           0%           88%         2
 Dazzling Flash           Conj/Hex       0%           98%         3
 Fulminant Prism          Conj/Hex       0%           100%        4
 Iskenderun's Mystic Bla  Conj/Tloc      0%           100%        4


Dungeon Overview and Level Annotations

Branches:
Dungeon (5/15)             Temple (0/1) D:4

Altars:


Innate Abilities, Weirdness & Mutations

You have razor-sharp toenails.
Your spells are a little easier to cast, but a little less powerful.


Message History

An adder skeleton comes into view.
It was a potion of mutation.
You feel extremely strange.
Your connection to magic feels subdued.
Your toenails lengthen and sharpen. x2
You block the gnoll's attack. You block the ogre's attack.
Okay, then.
It was a potion of heal wounds.
You feel much better. You block the gnoll's attack.
You hit the ogre but do no damage. You claw the ogre!
The ogre is almost dead.
The ogre hits you with a +0 giant club!
* * * LOW HITPOINT WARNING * * *
You block the gnoll's attack.
You slash the ogre!
You kill the ogre!
Beogh accepts your kill. The gnoll barely misses you.
The gnoll hits you from afar with a +0 spear.
* * * LOW HITPOINT WARNING * * *
The gnoll hits you from afar with a +0 spear!
You die...

..###..... ..#
#.#....... ...#
#........###...#
..........#....#
...............
.......g.....
#)...<.)).#
#.....((Z@#
..#########


You could see a gnoll and an adder skeleton.

Vanquished Creatures
  An ogre (D:5)
  2 centaurs
  A bullfrog (D:3)
  A scorpion (D:4)
  An orc priest (D:3)
  A gnoll shaman (D:5)
  A hound (D:3)
  Jessica (D:2)
  A worker ant (D:4)
  A hound skeleton (D:4)
  9 gnolls
  8 adders
  An ooze (D:2)
  2 worms
  3 dart slugs
  4 leopard geckos
  8 orcs
  13 bats
  7 giant cockroaches
  7 goblins
  7 hobgoblins
  8 jackals
  8 kobolds
  4 quokkas
  A ball python (D:1)
  10 frilled lizards
  7 rats
118 creatures vanquished.

Vanquished Creatures (others)
  A dart slug (D:3)
1 creature vanquished.

Grand Total: 119 creatures vanquished

Notes
Turn   | Place    | Note
-------+----------+-------------------------------------------
     0 | D:1      | Exodus22XD the Hill Orc Monk began the quest for the Orb.
     0 | D:1      | Reached XP level 1. HP: 19/19 MP: 1/1
    69 | D:1      | Reached XP level 2. HP: 24/27 MP: 2/2
   316 | D:1      | Reached skill level 1 in Armour
   661 | D:1      | Reached XP level 3. HP: 33/33 MP: 3/3
  1747 | D:2      | Reached skill level 5 in Axes
  1762 | D:2      | Reached XP level 4. HP: 35/40 MP: 4/4
  2116 | D:2      | Noticed Jessica
  2121 | D:2      | Killed Jessica
  2266 | D:2      | Reached XP level 5. HP: 46/47 MP: 5/5
  2403 | D:2      | Reached skill level 1 in Shields
  3075 | D:3      | Became a worshipper of Beogh the Brigand
  3075 | D:3      | Reached * piety under Beogh
  3075 | D:3      | Reached ** piety under Beogh
  3272 | D:3      | Reached skill level 1 in Invocations
  3272 | D:3      | Reached XP level 6. HP: 44/53 MP: 6/6
  3276 | D:3      | Reached skill level 6 in Axes
  4172 | D:4      | Reached XP level 7. HP: 53/60 MP: 8/8
  4519 | D:4      | Found a staircase to the Ecumenical Temple.
  4529 | D:4      | Reached skill level 5 in Fighting
  4827 | D:4      | Reached *** piety under Beogh
  5047 | D:5      | Entered Level 5 of the Dungeon
  5061 | D:5      | Reached skill level 7 in Axes
  5268 | D:5      | HP: 2/61 [ogre/+0 giant club (12)]
  5270 | D:5      | Gained mutation: Your spells are a little easier to cast,
                  | but a little less powerful. [potion of mutation]
  5270 | D:5      | Gained mutation: You have sharp toenails. [potion of
                  | mutation]
  5270 | D:5      | Gained mutation: You have razor-sharp toenails. [potion of
                  | mutation]
  5274 | D:5      | Slain by a gnoll

Illustrated notes

Levels and vault maps discovered:
D:1:      dpeg_arrival_rhombus, layout_loops_corners, st_stairs_2
D:2:      layout_basic, uniq_jessica
D:3:      layout_rooms
D:4:      layout_loops_corners, minmay_temple_entry_crystal_x, minmay_mini_jars
D:5:      layout_rooms, led_xom_imps

Skill      XL: |  1  2  3  4  5  6  7 |
---------------+----------------------+-----
Armour         | 1 2 3 4 |  4.6
Fighting       | 4 5 |  5.2
Axes           | 5 6 7 |  7.3
Shields        | 1 2 3 |  3.5
Invocations    | 1 2 3 |  3.1
Dodging        | |  2.4
Stealth        | |  1.5

Action                   |  1- 3 |  4- 6 |  7- 9 || total
-------------------------+-------+-------+-------++-------
Melee: Hand axe          |   210 |   174 |       ||   384
       War axe           |       |    26 |    55 ||    81
       Kick              |       |       |     1 ||     1
Invok: Convert to Beogh  |       |     1 |       ||     1
  Use: Potion            |       |       |     3 ||     3
       Scroll            |       |       |     1 ||     1
Armor: Scale mail        |   110 |    67 |    15 ||   192
Dodge: Dodged            |   130 |    86 |    36 ||   252
Block: Buckler           |     8 |    94 |    50 ||   152
       Reflection        |       |     5 |       ||     5
